Map: Newkirk Precinct TE (Void)

Players

Rugi - Winner!

  • Race: Zerg Zerg
  • League: Master
  • Spawn Location: 7:00

Loken

  • Race: Protoss Protoss
  • League: Platinum
  • Spawn Location: 5:00

VOD

Have the link to the VOD?

Description

Time

  • Played on: March 30, 2017, 5:51 a.m.
  • Length: 12:29
Show
View Real Time Build Order
Export as new Build Order

Rugi Zerg - Winner!

Build Orders: Hatch First, Lurkers 

Get SALT Encoding   

  12  0:00  Drone  
  13  0:12  Overlord  
  13  0:17  Drone  
  14  0:31  Drone x2  
  14  0:34  Drone  
  17  0:54  Hatchery  
  16  0:59  Drone  
  16  1:00  Drone  
  16  1:03  Extractor  
  17  1:06  Drone  
  18  1:23  Spawning Pool  
  17  1:26  Drone  
  17  1:28  Drone  
  19  1:47  Overlord  
  19  2:10  Queen x2  
  19  2:11  Zergling x6  
  19  2:14  Metabolic Boost  
  26  2:21  Drone  
  27  2:24  Drone  
  27  2:25  Drone  
  29  2:32  Drone  
  29  2:34  Drone  
  31  2:41  Overlord  
  31  2:51  Queen  
  31  2:52  Queen  
  35  3:03  Drone  
  35  3:04  Drone x3  
  39  3:08  Drone  
  39  3:10  Overlord  
  40  3:17  Drone  
  41  3:31  Hatchery  
  40  3:37  Drone x6  
  46  3:47  Overlord  
  44  4:08  Roach Warren  
  44  4:09  Extractor  
  42  4:10  Drone x2  
  43  4:27  Drone  
  43  4:28  Drone x2  
  46  4:32  Lair  
  46  4:33  Zergling x2  
  46  4:34  Zergling x10  
  52  4:45  Drone  
  53  4:47  Queen x2  
  57  4:57  Overlord x2  
  57  4:58  Roach x2  
  57  4:59  Roach x2  
  65  5:01  Spore Crawler  
  64  5:11  Drone x2  
  64  5:13  Overlord x2  
  66  5:16  Roach  
  66  5:17  Roach x6  
  80  5:26  Spine Crawler  
  79  5:33  Roach  
  79  5:34  Roach x3  
  87  5:42  Roach x3  
  93  5:43  Overlord  
  93  5:44  Overlord  
  93  5:48  Zergling x6  
  96  5:55  Drone x2  
  98  5:57  Overlord  
  99  6:04  Ravager  
  99  6:07  Drone, Ravager  
  99  6:08  Drone x6  
  99  6:09  Drone  
  108  6:15  Extractor  
  108  6:18  Drone x4  
  111  6:27  Drone x2  
  111  6:30  Extractor  
  112  6:34  Overlord  
  112  6:36  Drone  
  112  6:37  Drone  
  114  6:40  Overseer  
  114  6:41  Overlord  
  113  7:07  Overlord x2  
  113  7:08  Roach  
  115  7:09  Roach x11  
  135  7:21  Overlord  
  133  7:26  Drone x3  
  133  7:27  Hydralisk Den  
  133  7:28  Spore Crawler  
  132  7:33  Drone x4  
  132  7:34  Drone  
  135  7:48  Drone x3  
  135  7:49  Hatchery  
  135  7:50  Evolution Chamber  
  136  7:51  Spine Crawler, Evolution Chamber  
  134  8:00  Muscular Augments, Hydralisk  
  134  8:01  Hydralisk x5  
  134  8:03  Overlord x2  
  146  8:15  Drone x4, Extractor  
  146  8:16  Drone x3, Extractor  
  151  8:21  Spore Crawler  
  151  8:22  Overseer  
  151  8:25  Pneumatized Carapace  
  150  8:33  Zerg Missile Weapons Level 1  
  150  8:55  Roach  
  152  8:56  Roach x8  
  168  9:03  Drone x7  
  168  9:04  Overlord x4  
  168  9:05  Overlord x2  
  175  9:10  Zerg Ground Armor Level 1  
  175  9:13  Lurker Den  
  175  9:14  Spine Crawler  
  174  9:44  Hydralisk x6  
  182  10:24  Spore Crawler  
  182  10:25  Drone  
  182  10:26  Spine Crawler, Drone x3  
  182  10:28  Spine Crawler  
  183  10:30  Hydralisk x3  
  189  10:39  Lurker  
  189  10:40  Lurker x4  
  189  10:42  Lurker  
  193  11:04  Overlord x4  
  193  11:08  Extractor  
  193  11:09  Extractor  
  171  11:51  Hydralisk x14  
Show
View Real Time Build Order
Export as new Build Order

Loken Protoss 

Build Orders: 1 Gate Expand 

Get SALT Encoding   

  12  0:01  Probe (Chrono Boost)  
  13  0:12  Probe (Chrono Boost)  
  14  0:23  Probe (Chrono Boost)  
  14  0:27  Pylon  
  15  0:45  Probe (Chrono Boost)  
  15  0:46  Gateway  
  16  0:56  Probe (Chrono Boost)  
  17  1:06  Probe (Chrono Boost)  
  18  1:17  Probe (Chrono Boost)  
  19  1:21  Nexus  
  19  1:28  Probe (Chrono Boost)  
  20  1:36  Cybernetics Core  
  20  1:41  Pylon  
  20  1:46  Probe (Chrono Boost)  
  21  1:48  Assimilator  
  21  1:55  Zealot  
  23  2:06  Pylon  
  23  2:07  Probe (Chrono Boost)  
  24  2:22  Assimilator  
  24  2:23  Probe (Chrono Boost)  
  25  2:32  Warp Gate  
  25  2:34  Probe (Chrono Boost)  
  26  2:39  Probe (Chrono Boost)  
  27  2:44  Probe (Chrono Boost)  
  27  2:49  Probe (Chrono Boost)  
  29  2:54  Gateway  
  29  2:55  Gateway, Probe (Chrono Boost)  
  30  2:58  Gateway  
  30  3:04  Zealot  
  31  3:05  Probe (Chrono Boost)  
  31  3:12  Probe (Chrono Boost)  
  34  3:24  Probe (Chrono Boost)  
  35  3:36  Probe (Chrono Boost)  
  35  3:37  Stalker  
  31  3:44  Probe (Chrono Boost)  
  31  3:46  Probe (Chrono Boost)  
  31  3:56  Probe (Chrono Boost)  
  31  3:57  Probe (Chrono Boost)  
  31  3:59  Zealot  
  31  4:00  Zealot x2  
  38  4:03  Stalker  
  38  4:07  Probe (Chrono Boost)  
  38  4:08  Probe (Chrono Boost)  
  40  4:18  Probe (Chrono Boost)  
  40  4:29  Probe (Chrono Boost)  
  41  4:35  Probe (Chrono Boost)  
  42  4:39  Probe (Chrono Boost)  
  42  4:45  Pylon  
  43  4:47  Probe (Chrono Boost)  
  43  4:49  Pylon  
  43  4:50  Probe (Chrono Boost)  
  45  4:54  Pylon  
  45  5:00  Probe (Chrono Boost)  
  45  5:04  Forge  
  46  5:07  Stalker x4  
  54  5:29  Nexus  
  55  5:44  Assimilator, Probe (Chrono Boost)  
  55  5:49  Assimilator  
  55  5:50  Probe (Chrono Boost)  
  55  5:56  Probe (Chrono Boost)  
  57  6:01  Probe (Chrono Boost)  
  57  6:03  Stargate  
  58  6:05  Stargate  
  58  6:08  Probe (Chrono Boost)  
  59  6:18  Probe (Chrono Boost)  
  61  6:20  Probe (Chrono Boost)  
  61  6:28  Probe (Chrono Boost)  
  61  6:32  Probe (Chrono Boost)  
  63  6:33  Pylon  
  63  6:39  Mothership Core (Chrono Boost)  
  65  6:44  Probe (Chrono Boost)  
  66  6:51  Phoenix x2  
  70  6:56  Probe (Chrono Boost)  
  71  7:08  Probe (Chrono Boost)  
  71  7:14  Zealot  
  69  7:18  Pylon  
  69  7:19  Pylon  
  67  7:30  Stalker  
  68  7:42  Stalker  
  68  7:43  Stalker x2  
  75  7:58  Probe (Chrono Boost)  
  75  8:04  Probe (Chrono Boost)  
  76  8:07  Nexus  
  76  8:10  Pylon, Probe (Chrono Boost)  
  77  8:14  Probe (Chrono Boost)  
  78  8:22  Probe (Chrono Boost)  
  78  8:23  Nexus  
  78  8:25  Probe (Chrono Boost)  
  80  8:28  Phoenix x2  
  80  8:32  Stalker x3  
  91  8:34  Probe (Chrono Boost)  
  91  8:35  Probe (Chrono Boost)  
  91  8:39  Pylon  
  92  8:41  Pylon  
  92  8:46  Probe (Chrono Boost)  
  93  9:06  Pylon  
  93  9:09  Pylon  
  93  9:10  Stalker  
  93  9:11  Stalker x3, Pylon  
  101  9:18  Protoss Ground Weapons Level 1  
  101  9:23  Phoenix x2  
  104  9:31  Fleet Beacon  
  104  9:36  Twilight Council  
  105  9:46  Probe (Chrono Boost)  
  105  9:47  Probe x2 (Chrono Boost)  
  105  9:51  Probe (Chrono Boost)  
  108  9:56  Probe (Chrono Boost)  
  108  9:59  Probe x2 (Chrono Boost)  
  111  10:01  Probe (Chrono Boost)  
  110  10:12  Probe (Chrono Boost)  
  109  10:21  Probe (Chrono Boost)  
  109  10:22  Probe (Chrono Boost)  
  109  10:23  Probe x2 (Chrono Boost)  
  109  10:25  Assimilator  
  111  10:30  Assimilator  
  111  10:32  Probe (Chrono Boost)  
  111  10:33  Photon Cannon, Probe (Chrono Boost)  
  111  10:35  Photon Cannon, Probe x2 (Chrono Boost)  
  115  10:37  Photon Cannon  
  115  10:38  Photon Cannon  
  115  10:44  Pylon  
  115  10:47  Probe (Chrono Boost)  
  114  11:07  Zealot x4  
  114  11:10  Probe (Chrono Boost)  
  123  11:19  Probe (Chrono Boost)  
  123  11:20  Probe (Chrono Boost), Tempest x2  
  123  11:22  Assimilator  
  125  11:26  Assimilator  
  125  11:29  Probe (Chrono Boost)  
  125  11:31  Probe (Chrono Boost)  
  103  11:40  Probe (Chrono Boost)  
  103  11:41  Probe (Chrono Boost)  
  81  11:49  Zealot x4  
  81  11:50  Probe (Chrono Boost)  
  79  12:01  Probe (Chrono Boost)  
Tags
 
Add a new tag
Caveats
  • Supply blocks, unpowered buildings, or Contaminate may cause inaccurate times.
  • Supply counts are checked every 10 seconds.